 Seeded DCSS version 0.30.1-6-gbe392663c4 (webtiles) character file.

Game seed: 15660985446129201502 (custom seed)

47 AccursedSamuel the Chopper (level 3, -3/23 HPs)
             Began as a Tengu Monk on Sept 21, 2023.
             Succumbed to Crazy Yiuf's poison
             ... on level 2 of the Dungeon.
             The game lasted 00:04:29 (1345 turns).

AccursedSamuel the Chopper (Tengu Monk)             Turns: 1345, Time: 00:04:29

Health: -3/23      AC: 20    Str: 11    XL:     3   Next: 70%
Magic:  4/4        EV: -3    Int: 10    God:
Gold:   194        SH:  0    Dex: 18    Spells: 2/2 levels left

rFire   . . .        a - +0 hand axe
rCold   . . .        d - orb {light}
rNeg    + . .        e - +6 crystal plate armour of Lilacs {*Corrode Fly rElec rN+}
rPois   .            (helmet restricted)
rElec   +            (no cloak)
rCorr   .            (no gloves)
SInv    .            (boots unavailable)
Will    .....        (no amulet) Stlth
                     (no ring)
HPRegen 0.23/turn    (no ring)
MPRegen 0.09/turn

%: corrode self (3%)
@: lethally poisoned (-3 -> -25), flying, hasted, glowing, very quick
A: beak, talons 3
a: no special abilities


You were on level 2 of the Dungeon.
You visited 1 branch of the dungeon, and saw 2 of its levels.

You collected 194 gold pieces.

Inventory:

Hand Weapons
 a - a +0 hand axe (weapon)
Armour
 b - a +0 robe
 d - an orb of light (worn)
 e - the +6 crystal plate armour of Lilacs (worn) {*Corrode Fly rElec rN+}
   (You acquired it on level 1 of the Dungeon)

   rElec:     It insulates you from electricity.
   rN:        It protects you from negative energy.
   Fly:       It grants you flight.
   *Corrode:  It may corrode you when you take damage.
Scrolls
 g - a scroll of teleportation {unknown}
 h - a scroll of enchant armour {unknown}
 i - a scroll of noise {unknown}
 k - a scroll of immolation {unknown}
Potions
 c - a potion of ambrosia
 f - a potion of curing {unknown}
 j - a potion of degeneration {unknown}
 l - a potion of attraction {unknown}


   Skills:
 + Level 3.5 Fighting
 + Level 4.1 Axes
 + Level 0.3 Armour
 + Level 3.6 Dodging


You had 2 spell levels left.
You didn't know any spells.
Your spell library was empty.

Dungeon Overview and Level Annotations

Branches:
Dungeon (2/15)

Altars:

Annotations:
D:2 Crazy Yiuf


Innate Abilities, Weirdness & Mutations

You have a beak for a mouth.
You have claws for feet.


Message History

The kobold hits you with a +0 club.
You hit the kobold.
You kill the kobold!
Things that are here:
a +0 club; 4 stones You see here a +0 dagger.
Crazy Yiuf shouts!
Crazy Yiuf cries, "Island!
Cholesterol snockshim cloud."
You reach down and open the door.
Crazy Yiuf says, "Pitchfork hand forty-two!"
You hit Crazy Yiuf. Your kick misses Crazy Yiuf. You peck Crazy Yiuf.
Crazy Yiuf is moderately wounded.
Crazy Yiuf hits you with a +3 quarterstaff of chaos!
You hit Crazy Yiuf.
Crazy Yiuf is heavily wounded.
Crazy Yiuf hits you but does no damage.
You are poisoned.
You hit Crazy Yiuf but do no damage. You claw Crazy Yiuf, but do no damage.
You peck Crazy Yiuf, but do no damage.
Crazy Yiuf is heavily wounded.
You feel sick.
Crazy Yiuf says, "Action mobile broken!"
Crazy Yiuf hits you with a +3 quarterstaff of chaos.
You feel yourself speed up.
Crazy Yiuf hits you with a +3 quarterstaff of chaos.
* * * LOW HITPOINT WARNING * * *
You are lethally poisoned!
You hit Crazy Yiuf.
Crazy Yiuf is heavily wounded.
* * * LOW HITPOINT WARNING * * *
You feel sick.
You hit Crazy Yiuf but do no damage.
Crazy Yiuf is heavily wounded.
* * * LOW HITPOINT WARNING * * *
You feel very sick. Crazy Yiuf hits you but does no damage.
You are more poisoned.
You hit Crazy Yiuf. You peck Crazy Yiuf, but do no damage.
Crazy Yiuf is severely wounded.
You die...

#####.###.##..........####
..........##.............##
..................######..#
........)########## ##.#
##..#.##[# #.# ...>..##.#
#.## ########.# ### ####..#
# ### #)..### ##.....# #
#...g@####......# #
#...##..#......## ###
###.#....## ########


You could see Crazy Yiuf.

Vanquished Creatures
  An adder (D:2)
  2 ball pythons (D:1)
  3 endoplasms
  4 goblins
  3 hobgoblins (D:1)
  5 kobolds
  5 quokkas
  2 bats (D:1)
  5 frilled lizards
  5 rats
  A spectral kobold (D:2)
36 creatures vanquished.

Notes
Turn   | Place    | Note
-------+----------+-------------------------------------------
     0 | D:1      | AccursedSamuel the Tengu Monk began the quest for the Orb.
     0 | D:1      | Reached XP level 1. HP: 14/14 MP: 2/2
    93 | D:1      | Reached XP level 2. HP: 19/19 MP: 3/3
    98 | D:1      | Identified a scroll of acquirement
    98 | D:1      | Acquired the +6 crystal plate armour of Lilacs {*Corrode
                  | Fly rElec rN+}
   700 | D:1      | Reached XP level 3. HP: 23/23 MP: 4/4
   959 | D:2      | Found a faded altar of an unknown god.
   965 | D:2      | Reached skill level 4 in Axes
  1180 | D:2      | Found a runed translucent door.
  1181 | D:2      | Noticed Crazy Yiuf
  1344 | D:2      | HP: 1/23 [poisoned by Crazy Yiuf]
  1345 | D:2      | Succumbed to Crazy Yiuf's poison

Illustrated notes

Levels and vault maps discovered:
D:1:      minmay_arrival_pointy, layout_loops_ring, minmay_gold_behind_fungi
D:2:      layout_basic, dreamdust_ecumenical_altar_drowned_temple,
          hangedman_decor_clover_reticule, fountainhead,
          uniq_crazy_yiuf_cottage, uniq_jessica

Skill      XL: |  1  2  3 |
---------------+----------+-----
Axes           | 4 |  4.1
Fighting       | |  3.5
Armour         | |  0.3
Dodging        | |  3.6

Action                     || total
---------------------------++-------
  Melee: Hand axe          ||    68
         Kick              ||    15
         Peck              ||     6
    Use: Scroll            ||     1
 Armour: Robe              ||     2
         Crystal plate arm ||    66
  Dodge: Dodged            ||    15
